 Dungeon Sprint DCSS version 0.29-a0-321-gf1c400731a (webtiles) character file.

Game seed: 14041704871876190630

13397 mhtbhm the Wrestler (level 11, -8/123 HPs)
             Began as a Troll Berserker on Apr 3, 2022.
             Was the Champion of Trog.
             Mangled by an orc knight
             ... wielding a +0 halberd
              (22 damage)
             ... in the Dungeon (Sprint IX: "|||||||||||||||||||||||||||||").
             The game lasted 00:03:06 (1247 turns).

mhtbhm the Wrestler (Troll Berserker)               Turns: 1247, Time: 00:03:07

Health: -8/123     AC:  7    Str: 34    XL:     11   Next: 75%
Magic:  10/10      EV: 13    Int:  3    God:    Trog [******]
Gold:   1266       SH:  0    Dex:  9    Spells: 10/10 levels left

rFire   . . .      SeeInvis .     - Unarmed
rCold   . . .      Faith    .   (no shield)
rNeg    . . .      Spirit   .   a - +0 animal skin
rPois   .          Reflect  .   (helmet restricted)
rElec   .          Harm     .   o - +0 cloak
rCorr   .          Rampage  .   (gloves unavailable)
Will    .....      NoTele   +   (boots unavailable)
Stlth   ++........              (no amulet)
HPRegen 1.10/turn               k - +3 ring of strength
MPRegen 0.12/turn               j - +2 ring of protection

@: on berserk cooldown, slowed, very slow
A: large, unfitting armour, claws 3, regeneration 1, shaggy fur 1, tough skin 1
a: Renounce Religion, Berserk, Trog's Hand, Brothers in Arms


You were in the Dungeon.
You worshipped Trog.
Trog was exalted by your worship.
You visited 1 branch You collected 1266 gold pieces.

Inventory:

Armour
 a - a +0 animal skin (worn)
 o - a +0 cloak (worn)
Jewellery
 j - a +2 ring of protection (right claw)
 k - a +3 ring of strength (left claw)
Wands
 i - a wand of acid (7)
Scrolls
 g - 3 scrolls of blinking
 m - a scroll of identify
 n - 4 scrolls of enchant armour
Potions
 b - 7 potions of curing
 c - 6 potions of heal wounds
 d - a potion of haste
 e - 4 potions of magic
 f - 2 potions of berserk rage
 h - a potion of invisibility
 l - a potion of might


   Skills:
 + Level 11.9 Fighting
 + Level 12.6 Dodging
 + Level 2.0 Stealth
 + Level 21.7 Unarmed Combat
 + Level 1.5 Evocations


You had 10 spell levels left.
You didn't know any spells.
Your spell library was empty.

Dungeon Overview and Level Annotations

Branches:
Dungeon (1/1)

Altars:
Cheibriados
Dithmenos
Elyvilon
Fedhas
Gozag
Hepliaklqana
Kikubaaqudgha
Makhleb
Nemelex Xobeh
Okawaru
Qazlal
Ru
Sif Muna
Trog
Uskayaw
Vehumet
Wu Jian
Xom
Yredelemnul
Zin
The Shining One
Beogh
Jiyva
Lugonu

Shops:
D (


Innate Abilities, Weirdness & Mutations

You are too large for most types of armour.
You have claws for hands.
Your natural rate of healing is unusually fast.
You are covered in fur. (AC +1)
You have tough skin. (AC +1)


Message History

The orc knight misses you.
The orc knight hits you with a +0 battleaxe!!
There is an open door to Orc:2, spattered with blood here.
Things that are here:
a +2 great sword; a +0 chain mail; an orc corpse You claw the orc knight!
The orc knight is lightly wounded.
You mangle the orc knight!!
You claw the orc knight, but do no damage.
The orc knight is heavily wounded.
The orc knight hits you from afar with a +0 halberd!!!
* * * LOW HITPOINT WARNING * * *
The orc knight misses you.
You are too injured to fight recklessly!
You are too injured to fight recklessly!
You are too injured to fight recklessly!
You are too injured to fight recklessly!
You are too injured to fight recklessly!
You are too injured to fight recklessly!
You are too injured to fight recklessly!
You are too injured to fight recklessly!
You are too injured to fight recklessly!
You are too injured to fight recklessly!
You are too injured to fight recklessly!
You completely miss the orc knight.
The orc knight is heavily wounded.
You eviscerate the orc knight!!!
You kill the orc knight!
Trog accepts your kill.
The orc knight hits you from afar with a +0 halberd!!!
* * * LOW HITPOINT WARNING * * *
An orc knight comes into view.
It is wielding a +2 great sword of electrocution.
Unknown command.
You feel a strong urge to attack something.
You are no longer berserk.
You are exhausted.
You feel yourself slow down.
Your stone giant goes berserk!
The orc knight hits you from afar with a +0 halberd!!
You die...

▓)▓.▓.▓.▓_▓
▓.▓.▓.▓.▓_▓
▓.▓.▓)▓.▓_▓
▓.▓.▓†▓.▓_▓
▓)▓)▓†▓.▓_▓
▓.▓.▓.▓.▓_▓
▓.▓.▓.▓.▓_▓
▓C▓.▓.▓.▓_▓
▓@▓.▓.▓.▓_▓
▓.▓.▓.▓.▓_▓
▓o▓.▓.▓.▓_▓
▓.▓.▓.▓.▓_▓
▓o▓.▓†▓.▓_▓
▓)▓.▓'▓.▓'▓
▓o▓.▓)▓.▓.▓
▓$▓.▓†▓.▓?▓
▓o▓.▓†▓.▓)▓


You could see 3 orc knights and a friendly stone giant (summoned, berserk).

Vanquished Creatures
  2 centaur warriors (D)
  A two-headed ogre (D)
  7 death yaks (D)
  5 orc knights (D)
  A black mamba (D)
  A torpor snail (D)
  4 cane toads (D)
  2 rime drakes (D)
  A kobold demonologist (D)
  An efreet (D)
  A meliai (shapeshifter) (D)
  A blink frog (D)
  3 yaks (D)
  A basilisk (D)
  3 water moccasins (D)
  9 orc warriors (D)
  2 bullfrogs (D)
  A killer bee (D)
  3 howler monkeys (D)
  2 hounds (D)
  2 orc priests (D)
  6 orc wizards (D)
  A hell rat (D)
  A shadow imp (D)
  A white imp (D)
  7 orcs (D)
  2 goblins (D)
  A hobgoblin (D)
  A ball python (D)
  A frilled lizard (D)
74 creatures vanquished.

Vanquished Creatures (collateral kills)
  An orc knight (D)
1 creature vanquished.

Grand Total: 75 creatures vanquished

Notes
Turn   | Place    | Note
-------+----------+-------------------------------------------
     0 | D        | mhtbhm the Troll Berserker began the quest for the Orb.
     0 | D        | Reached XP level 1. HP: 22/22 MP: 0/0
    10 | D        | Reached ** piety under Trog
    19 | D        | Noticed a howler monkey
    19 | D        | Noticed a hound
    19 | D        | Noticed a hound
    22 | D        | Reached skill level 4 in Unarmed Combat
    22 | D        | Reached XP level 2. HP: 31/31 MP: 1/1
    24 | D        | Killed a howler monkey
    24 | D        | Reached *** piety under Trog
    25 | D        | Reached skill level 5 in Unarmed Combat
    25 | D        | Reached XP level 3. HP: 39/39 MP: 2/2
    27 | D        | Reached XP level 4. HP: 49/49 MP: 3/3
    28 | D        | Reached skill level 6 in Unarmed Combat
    29 | D        | Reached skill level 5 in Fighting
    29 | D        | Reached skill level 5 in Dodging
    63 | D        | Found a snail-covered altar of Cheibriados.
    63 | D        | Found a shadowy altar of Dithmenos.
    63 | D        | Found a white marble altar of Elyvilon.
    63 | D        | Found a blossoming altar of Fedhas.
    63 | D        | Found an opulent altar of Gozag.
    64 | D        | Found a hazy altar of Hepliaklqana.
    65 | D        | Found a viscous altar of Jiyva.
    66 | D        | Found an ancient bone altar of Kikubaaqudgha.
    67 | D        | Found a corrupted altar of Lugonu.
    68 | D        | Found a burning altar of Makhleb.
    69 | D        | Found a sparkling altar of Nemelex Xobeh.
    70 | D        | Found an iron altar of Okawaru.
    71 | D        | Found a stormy altar of Qazlal.
    72 | D        | Found a sacrificial altar of Ru.
    73 | D        | Found a shimmering blue altar of Sif Muna.
    74 | D        | Found a bloodstained altar of Trog.
    75 | D        | Found a hide-covered altar of Uskayaw.
    76 | D        | Found a radiant altar of Vehumet.
    77 | D        | Found an ornate altar of the Wu Jian Council.
    78 | D        | Found a shimmering altar of Xom.
    79 | D        | Found a basalt altar of Yredelemnul.
    80 | D        | Found a glowing silver altar of Zin.
    81 | D        | Found a glowing golden altar of the Shining One.
   109 | D        | Noticed an orc warrior
   109 | D        | Noticed a two-headed ogre
   109 | D        | Noticed an orc warrior
   111 | D        | Reached **** piety under Trog
   112 | D        | Reached skill level 7 in Unarmed Combat
   112 | D        | Reached XP level 5. HP: 57/57 MP: 4/4
   116 | D        | Killed a two-headed ogre
   117 | D        | Reached skill level 10 in Unarmed Combat
   117 | D        | Reached XP level 6. HP: 72/72 MP: 5/5
   117 | D        | Reached XP level 7. HP: 80/80 MP: 6/6
   120 | D        | Reached skill level 11 in Unarmed Combat
   126 | D        | Reached ***** piety under Trog
   127 | D        | Reached XP level 8. HP: 75/89 MP: 7/7
   166 | D        | Noticed a meliai
   166 | D        | Noticed a kobold demonologist
   166 | D        | Noticed an efreet
   166 | D        | Noticed a centaur warrior
   166 | D        | Noticed a centaur warrior
   168 | D        | Killed a meliai
   169 | D        | Reached skill level 12 in Unarmed Combat
   171 | D        | Noticed an orange demon
   180 | D        | Killed a kobold demonologist
   183 | D        | Killed an efreet
   184 | D        | Reached skill level 13 in Unarmed Combat
   187 | D        | Killed a centaur warrior
   190 | D        | Killed a centaur warrior
   190 | D        | Received a gift from Trog
   191 | D        | Reached skill level 10 in Fighting
   191 | D        | Reached skill level 10 in Dodging
   191 | D        | Reached skill level 14 in Unarmed Combat
   191 | D        | Reached XP level 9. HP: 50/101 MP: 8/8
   335 | D        | Noticed a cane toad
   335 | D        | Noticed a rime drake
   335 | D        | Noticed a cane toad
   337 | D        | Killed a cane toad
   340 | D        | Killed a rime drake
   340 | D        | Noticed a cane toad
   341 | D        | Reached skill level 15 in Unarmed Combat
   349 | D        | Killed a cane toad
   353 | D        | Killed a cane toad
   353 | D        | Received a gift from Trog
   354 | D        | Reached skill level 16 in Unarmed Combat
   354 | D        | Reached XP level 10. HP: 78/111 MP: 9/9
   399 | D        | Noticed a cane toad
   399 | D        | Noticed a torpor snail
   399 | D        | Noticed a black mamba
   405 | D        | Killed a cane toad
   408 | D        | Killed a torpor snail
   413 | D        | Killed a black mamba
   426 | D        | Reached skill level 17 in Unarmed Combat
   497 | D        | Reached ****** piety under Trog
   497 | D        | Received a gift from Trog
   549 | D        | Noticed a death yak
   549 | D        | Noticed a death yak
   549 | D        | Noticed a death yak
   549 | D        | Noticed a death yak
   549 | D        | Noticed a death yak
   553 | D        | Killed a death yak
   554 | D        | Reached skill level 18 in Unarmed Combat
   554 | D        | Noticed a death yak
   561 | D        | Killed a death yak
   562 | D        | Reached skill level 1 in Stealth
   562 | D        | Noticed a death yak
   566 | D        | Killed a death yak
   570 | D        | Killed a death yak
   571 | D        | Reached skill level 19 in Unarmed Combat
   571 | D        | Reached XP level 11. HP: 119/120 MP: 10/10
   622 | D        | Killed a death yak
   627 | D        | Killed a death yak
   627 | D        | Received a gift from Trog
   632 | D        | Killed a death yak
   633 | D        | Reached skill level 20 in Unarmed Combat
   633 | D        | Reached skill level 1 in Evocations
   792 | D        | Received a gift from Trog
   817 | D        | Received a gift from Trog
   862 | D        | Noticed an orc knight
   869 | D        | Killed an orc knight
   870 | D        | Noticed an orc knight
   881 | D        | Noticed an orc knight
   891 | D        | Noticed an orc knight
   892 | D        | Killed an orc knight
   968 | D        | Killed an orc knight
   969 | D        | Reached skill level 21 in Unarmed Combat
  1123 | D        | Killed an orc knight
  1126 | D        | Received a gift from Trog
  1231 | D        | Found Giushaor's Weapon Emporium.
  1231 | D        | Noticed an orc knight
  1231 | D        | Noticed an orc knight
  1231 | D        | Noticed an orc knight
  1231 | D        | Noticed an orc knight
  1231 | D        | Noticed an orc knight
  1237 | D        | Killed an orc knight
  1242 | D        | Killed an orc knight
  1242 | D        | Noticed an orc knight
  1247 | D        | Mangled by an orc knight

Illustrated notes

Levels and vault maps discovered:
D:        linesprint [early_d, line_temple, items_1, d_10, items_2, lair_1,
          lair_end, items_3, orc_1, orc_end, items_4, d_15, swamp_1, shoals_1,
          snake_1, spider_1, d_20, vaults_1, items_5, swamp_end, shoals_end,
          snake_end, spider_end, vaults_end, d_27, items_6, zot_1, zot_end,
          crypt_end, forest_end, elf_end, slime_end, tomb_end, abyss_end,
          pan_hell_end]

Skill      XL: |  1  2  3  4  5  6  7  8  9 10 11 |
---------------+----------------------------------+-----
Fighting       | 3 4 5 8 10 11 | 11.9
Dodging        | 3 4 5 7 8 10 11 12 | 12.6
Unarmed Combat | 4 5 7 10 11 14 16 19 21 | 21.7
Stealth        | 1 2 |  2.0
Evocations     | 1 |  1.5

Action                   |  1- 3 |  4- 6 |  7- 9 | 10-12 || total
-------------------------+-------+-------+-------+-------++-------
Melee: Unarmed           |    15 |     7 |    42 |   131 ||   195
       Punch             |     1 |     1 |     5 |    12 ||    19
Invok: Berserk           |     1 |     1 |     2 |     7 ||    11
       Brothers in Arms  |       |       |       |     3 ||     3
Evoke: Wand              |       |       |       |     3 ||     3
  Use: Potion            |       |       |       |     1 ||     1
       Scroll            |       |       |       |     1 ||     1
Armor: Animal skin       |     5 |     1 |     7 |    14 ||    27
Dodge: Dodged            |     3 |     2 |    15 |    40 ||    60

Table legend: (Time is in decaauts)
 A = Elapsed time spent in this place.
 B = Non-inter-level travel time spent in this place.
 C = Inter-level travel time spent in this place.
 D = Time resting spent in this place.
 E = Time spent auto-exploring this place.
 F = Levels seen in this place.
 G = Mean time per level.
                   A        B        C        D        E       F      G
               +--------+--------+--------+--------+--------+-----+--------+
         Total |   1270 |   1270 |      0 |    496 |    235 |   1 | 1270.0 |
       Dungeon |   1270 |   1270 |      0 |    496 |    235 |   1 | 1270.0 |
               +--------+--------+--------+--------+--------+-----+--------+

Top non-repeatable levels by time:
       D: 1270 daAuts
